Map: Submarine LE

Players

RyuKey

  • Race: Terran Terran
  • League: Diamond
  • Spawn Location: 11:00

sid - Winner!

  • Race: Terran Terran
  • League: Diamond
  • Spawn Location: 5:00

VOD

Have the link to the VOD?

Description

Time

  • Played on: June 22, 2020, 6:04 p.m.
  • Length: 9:03
Show
View Real Time Build Order
Export as new Build Order

RyuKey Terran 

Build Orders:  

Get SALT Encoding   

  12  0:00  SCV  
  13  0:12  SCV  
  14  0:17  Supply Depot  
  14  0:25  SCV  
  15  0:35  Refinery  
  15  0:38  SCV  
  16  0:44  Barracks  
  16  0:50  SCV  
  17  0:57  Refinery  
  17  1:03  SCV  
  18  1:15  SCV  
  18  1:18  Supply Depot  
  19  1:33  Orbital Command  
  19  1:35  Reaper  
  20  1:42  Factory  
  20  1:58  SCV  
  21  2:10  SCV, Barracks Reactor  
  21  2:19  Supply Depot  
  21  2:22  SCV  
  22  2:37  SCV  
  23  2:45  Hellion  
  23  2:46  Starport  
  23  2:49  SCV  
  26  3:01  Reaper x2  
  26  3:02  SCV  
  26  3:04  Supply Depot  
  29  3:06  Hellion  
  31  3:14  SCV  
  32  3:25  Medivac  
  32  3:26  SCV  
  35  3:27  Hellion  
  35  3:33  Reaper x2  
  39  3:35  Supply Depot  
  39  3:38  SCV  
  40  3:50  SCV  
  40  3:53  Factory Tech Lab  
  41  3:59  Command Center  
  41  4:02  SCV  
  42  4:05  Viking  
  44  4:15  SCV  
  48  4:17  Siege Tank  
  48  4:18  Marine x2  
  50  4:27  SCV  
  48  4:52  SCV  
  45  4:54  Siege Tank  
  45  4:55  Starport Reactor  
  46  5:00  Barracks  
  46  5:02  Barracks  
  46  5:03  Engineering Bay  
  46  5:04  SCV  
  47  5:12  Orbital Command  
  47  5:17  SCV  
  47  5:20  Marine x2  
  50  5:29  SCV  
  51  5:36  Medivac  
  51  5:37  Viking  
  51  5:38  SCV  
  51  5:41  SCV, Terran Infantry Weapons Level 1, Factory Tech Lab  
  57  5:50  SCV, Marine  
  57  5:51  Marine  
  57  5:53  SCV  
  57  5:56  Barracks Reactor  
  61  5:58  Marine  
  61  6:00  Siege Tank  
  61  6:02  SCV  
  66  6:05  SCV  
  66  6:08  Marine  
  68  6:16  Marine x2  
  68  6:17  SCV  
  67  6:32  Command Center  
  65  6:46  Supply Depot  
  65  6:47  Barracks Reactor  
  65  6:49  Supply Depot  
  65  6:53  Stimpack  
  55  7:38  SCV, Marine x3, Siege Tank  
  55  7:40  Liberator  
  47  7:52  SCV  
  47  7:54  Orbital Command  
  47  7:57  Supply Depot  
  48  7:58  Marine x4  
  48  7:59  Marine  
  48  8:00  Barracks  
  48  8:04  SCV  
  53  8:16  SCV, Marine  
  52  8:33  SCV  
  50  8:34  Orbital Command, Marine  
  50  8:35  Marine x4  
  55  8:45  SCV  
  56  8:50  Refinery  
Show
View Real Time Build Order
Export as new Build Order

sid Terran - Winner!

Build Orders: Reaper Expand 

Get SALT Encoding   

  12  0:01  SCV  
  13  0:13  SCV  
  14  0:17  Supply Depot  
  14  0:25  SCV  
  15  0:39  SCV  
  15  0:40  Barracks  
  16  0:45  Refinery  
  16  0:51  SCV  
  17  1:03  SCV  
  18  1:15  SCV  
  19  1:27  Orbital Command  
  19  1:31  Reaper  
  20  1:45  Command Center  
  20  1:56  SCV, Supply Depot  
  21  2:12  Bunker  
  21  2:15  Barracks Reactor  
  21  2:16  SCV  
  21  2:18  Refinery  
  22  2:26  Factory  
  21  2:57  SCV, Marine x2  
  22  3:09  SCV  
  22  3:13  Factory Tech Lab  
  22  3:15  Marine x2  
  24  3:28  SCV  
  24  3:33  Marine  
  24  3:34  Starport  
  28  3:37  Siege Tank  
  29  3:45  SCV  
  29  3:48  Orbital Command  
  30  3:51  Marine  
  30  3:52  Marine  
  32  3:57  SCV  
  33  4:09  SCV, Marine x2, Siege Tank  
  38  4:16  Supply Depot  
  39  4:17  SCV  
  39  4:21  SCV  
  41  4:29  SCV  
  42  4:33  SCV  
  43  4:41  SCV  
  44  4:45  SCV  
  44  4:46  Marine x2  
  45  4:53  SCV  
  45  4:55  Medivac  
  45  4:57  SCV, Siege Tank  
  52  5:04  Marine x2  
  54  5:08  Supply Depot  
  54  5:09  Supply Depot  
  54  5:12  SCV x2  
  56  5:20  Barracks  
  56  5:24  SCV x2  
  58  5:30  Marine  
  58  5:31  Marine  
  58  5:32  Siege Tank  
  63  5:36  SCV  
  63  5:39  SCV  
  63  5:41  Engineering Bay  
  65  5:48  Marine x2  
  67  5:51  Viking  
  69  6:06  Marine x2  
  67  6:14  Marine  
  68  6:24  Marine x2  
  68  6:25  SCV x2  
  70  6:28  Missile Turret  
  70  6:31  Missile Turret  
  70  6:32  Marine  
  71  6:37  SCV x2  
  71  6:39  Siege Tank  
  72  6:42  Marine x2  
  73  6:50  Marine  
  73  6:52  Viking  
  75  7:00  Marine x2  
  78  7:10  Supply Depot  
  78  7:11  Supply Depot  
  78  7:12  Supply Depot, Refinery  
  78  7:15  Refinery  
  78  7:17  Marine, Barracks Tech Lab  
  78  7:20  Barracks  
  78  7:30  Viking, SCV x2, Marine, Siege Tank  
  78  7:35  Marine  
  83  7:42  SCV  
  72  7:47  Marine  
  68  7:53  SCV  
  68  7:54  SCV, Marine x2  
  72  8:00  Viking  
  72  8:02  Siege Tank  
  72  8:05  SCV, Marine  
  78  8:06  Command Center  
  78  8:12  Marine x2  
  81  8:17  SCV x2  
  81  8:18  Marine  
  84  8:23  Marine  
  83  8:29  SCV, Marine  
  83  8:30  Marine  
  83  8:36  Marine  
  83  8:41  Marine  
Tags
 
Matchup
TvT
Race
Terran
Spawn Locations
Cross Positions
Add a new tag
Caveats
  • Supply blocks, unpowered buildings, or Contaminate may cause inaccurate times.
  • Supply counts are checked every 10 seconds.